 Dungeon Crawl Stone Soup version 0.29.1-1-gd02db69 (webtiles) character file.

Game seed: 11549741866882279241

222 Timinator the Insei (level 5, -6/61 HPs)
             Began as a Demigod Transmuter on Jan 14, 2023.
             Mangled by an ogre
             ... wielding a +0 giant club
              (23 damage)
             ... on level 4 of the Dungeon.
             The game lasted 00:08:50 (3045 turns).

Timinator the Insei (Demigod Transmuter)            Turns: 3045, Time: 00:08:51

Health: -6/61      AC: 22    Str: 11    XL:     5   Next: 38%
Magic:  9/10       EV:  2    Int: 15    God:
Gold:   184        SH:  0    Dex: 18    Spells: 5/8 levels left

rFire   . . .      SeeInvis +     - Unarmed
rCold   . . .      Faith    .   (no shield)
rNeg    . . .      Spirit   .   (body armour currently unavailable)
rPois   +          Reflect  .   (helmet currently unavailable)
rElec   .          Harm     .   (cloak currently unavailable)
rCorr   .          Rampage  .   (gloves currently unavailable)
Will    .....      NoTele   +   (boots currently unavailable)
Stlth   ++........              (no amulet)
HPRegen 0.20/turn               j - ring of see invisible
MPRegen 0.12/turn               (no ring)

@: tree-form, very slightly contaminated
A: stationary, stasis, torment immunity, boosted hp, high MP 1, forlorn, divine
attributes
a: no special abilities


You were on level 4 of the Dungeon.
You were a tree.
You visited 1 branch of the dungeon, and saw 4 of its levels.

You collected 184 gold pieces.

Inventory:

Missiles
 g - 13 poisoned darts
 q - 4 atropa-tipped darts (quivered)
Armour
 a - a +2 ring mail of fire resistance (melded)
 p - a +0 helmet (melded)
Jewellery
 j - a ring of see invisible (left branch)
Scrolls
 c - 6 scrolls of identify {unknown}
 f - 2 scrolls of magic mapping {unknown}
 i - 2 scrolls of enchant armour {unknown}
 m - a scroll of poison {unknown}
 o - a scroll of fear {unknown}
 s - 2 scrolls of amnesia {unknown}
 t - a scroll of teleportation {unknown}
Potions
 d - a potion of might {unknown}
 e - a potion of magic {unknown}
 h - 3 potions of flight {unknown}
 k - a potion of berserk rage {unknown}
 l - a potion of ambrosia {unknown}
 r - a potion of invisibility {unknown}


   Skills:
 + Level 2.2 Fighting
 * Level 2.2 Armour
 + Level 2.5 Dodging
 * Level 3.7 Unarmed Combat
 - Level 2.0 Spellcasting
 + Level 2.6 Transmutations


You had 5 spell levels left.
You knew the following spells:

 Your Spells              Type           Power      Damage    Failure   Level
a - Beastly Appendage     Tmut           18%        N/A       8%          1
b - Wereblood             Tmut           9%         N/A       11%         2

Your spell library contained the following spells:

 Spells                   Type           Power      Damage    Failure   Level
 Slow                     Hex            4%         N/A       22%         1
 Spider Form              Tmut/Pois      5%         N/A       36%         3
 Confusing Touch          Hex            1%         N/A       54%         3
 Vampiric Draining        Necr           1%         2d6       54%         3
 Ice Form                 Ice/Tmut       5%         N/A       77%         4


Dungeon Overview and Level Annotations

Branches:
Dungeon (4/15)
 Temple: D:4-7

Shops:
D:1 (


Innate Abilities, Weirdness & Mutations

You are a tree.
Your roots penetrate the ground, keeping you stationary.
You cannot be teleported.
You are immune to unholy pain and torment.
Your maximum health is greatly increased.
Your equipment is partially melded.
You have an increased reservoir of magic. (+10% MP)
You shall have no god before yourself.
Your divine heritage dramatically boosts your attributes as you level up.


Message History

The ball python hisses angrily.
You hit the ball python but do no damage.
The ball python misses you. x2
You hit the ball python.
You kill the ball python!
An ogre comes into view. It is wielding a +0 giant club.
The ogre shouts!
Throw: 5 darts (atropa)
Press: ? - help, Q - select action, (/) - cycle Shift-Dir - straight line, f - ogre
Aim: an ogre, wielding a +0 giant club (76% to hit, chance to blind on hit: 27%)
You throw an atropa-tipped dart.
The atropa-tipped dart barely misses the ogre.
Throw: 4 darts (atropa)
Press: ? - help, Q - select action, (/) - cycle Shift-Dir - straight line, f/p - ogre
Aim: an ogre, wielding a +0 giant club (76% to hit, chance to blind on hit: 27%)
Okay, then.
Casting: Beastly Appendage (safe; 17% risk of failure)
Confirm with . or Enter, or press ? or * to list all spells.
You miscast Beastly Appendage.
You are very lightly contaminated with residual magic.
Nothing appears to happen.
You hit the ogre.
The ogre is lightly wounded.
The ogre barely misses you.
You hit the ogre.
The ogre is moderately wounded.
The ogre closely misses you.
You hit the ogre.
The ogre is moderately wounded.
You closely miss the ogre.
The ogre is moderately wounded.
The ogre hits you with a +0 giant club!!
Ouch! That really hurt!
* * * LOW HITPOINT WARNING * * *
Really quaff the potion of lignification?
You turn into a tree.
Your +0 helmet melds into your body.
Your +2 ring mail of fire resistance melds into your body.
You feel less resistant to fire.
Your roots penetrate the ground.
The ogre hits you with a +0 giant club!!
You die...

.# .. .# .. .# ####
### .#
..####.##.######
#.##..#.♣.......
##.##.###O#######
#....## ##.. #..#..#
.## ########..#.#.#
.. #.........#.....
..#
#.######.####.#....(
#<# #.# ...##.#. #.#
#.# ###


You could see an ogre.

Vanquished Creatures
  A howler monkey (D:3)
  A jelly (D:2)
  2 orc wizards (D:3)
  An adder (D:2)
  A worm (D:3)
  3 dart slugs
  9 orcs (D:3)
  8 endoplasms
  3 giant cockroaches
  6 goblins
  9 hobgoblins
  4 quokkas
  8 ball pythons
  7 bats
  2 frilled lizards
  5 kobolds
  7 rats
77 creatures vanquished.

Notes
Turn   | Place    | Note
-------+----------+-------------------------------------------
     0 | D:1      | Timinator the Demigod Transmuter began the quest for the
                  | Orb.
     0 | D:1      | Reached XP level 1. HP: 15/15 MP: 5/5
   158 | D:1      | Reached skill level 1 in Fighting
   207 | D:1      | Reached XP level 2. HP: 16/23 MP: 7/7
   213 | D:1      | Reached skill level 3 in Unarmed Combat
  1003 | D:1      | Found Deplofenk's Weapon Boutique.
  1334 | D:1      | Reached XP level 3. HP: 27/28 MP: 6/8
  1464 | D:2      | Reached skill level 1 in Armour
  2076 | D:2      | Reached XP level 4. HP: 31/36 MP: 7/9
  2381 | D:3      | Learned a level 2 spell: Wereblood
  2530 | D:3      | Reached XP level 5. HP: 39/41 MP: 8/10
  3038 | D:4      | Noticed an ogre
  3045 | D:4      | Mangled by an ogre

Illustrated notes

Levels and vault maps discovered:
D:1:      amcnicky_arrival_abandoned_market, layout_basic, serial_shops, shop
D:2:      layout_rooms, hellmonk_ecumenical_altar_pennies_from_heaven,
          basic_altar, serial_bayou_pond_c
D:3:      layout_rooms, amcnicky_altar_gilded, nicolae_overflow_ecumenical_swirl
D:4:      layout_loops_ring, mainiacjoe_overflow_catwalk, serial_shops, shop

Skill      XL: |  1  2  3  4 |
---------------+-------------+-----
Fighting       | 1 2 |  2.2
Unarmed Combat | 3 |  3.7
Transmutations | 2 |  2.6
Dodging        | 2 |  2.5
Spellcasting   | 2 |  2.0
Armour         | 1 2 |  2.2

Action                   |  1- 3 |  4- 6 || total
-------------------------+-------+-------++-------
Melee: Unarmed           |   121 |    83 ||   204
       Kick              |    20 |    25 ||    45
       Headbutt          |    14 |    11 ||    25
       Punch             |     2 |     1 ||     3
Throw: Dart              |       |     3 ||     3
 Cast: Beastly Appendage |    28 |    12 ||    40
       Wereblood         |       |     1 ||     1
  Use: Potion            |       |     2 ||     2
 Stab: Sleeping          |     5 |       ||     5
Armor: Robe              |    17 |     1 ||    18
       Leather armour    |       |     2 ||     2
       Ring mail         |       |    10 ||    10
Dodge: Dodged            |    71 |    57 ||   128
